 Dungeon Crawl Stone Soup version 0.30-a0-870-gc5d4c5acee (webtiles) character file.

Game seed: 16604476254238771036

3196 dolemite99 the Cleaver (level 9, -18/90 (92) HPs)
             Began as a Hill Orc Fighter on Mar 11, 2023.
             Was a Believer of Ashenzari.
             Demolished by a soul eater (20 damage)
             ... on level 9 of the Dungeon.
             The game lasted 00:09:32 (10491 turns).

dolemite99 the Cleaver (Hill Orc Fighter)          Turns: 10491, Time: 00:09:32

HP:   -18/90 (92)   AC: 10    Str: 23    XL:     9   Next: 96%
MP:   0/9           EV:  7    Int:  8    God:    Ashenzari [**....]
Gold: 208           SH:  4    Dex: 10    Spells: 8/8 levels left

rFire   . . .      SeeInvis +    a - +2 war axe
rCold   . . .      Faith    .    c - +0 buckler of Star-Bound Wisdom {Elem, Alch} (curse)
rNeg    . . .      Spirit   +    p - +0 chain mail "Cursed Portent" {Fort, Comp} (curse)
rPois   .          Reflect  .    (no helmet)
rElec   .          Rampage  .    (no cloak)
rCorr   .                        (no gloves)
Will    .....                    (no boots) Stlth
                                 h - amulet of the Ensconced Seer {Spirit, Evo, Self} (curse)
HPRegen 0.35/turn                j - ring of flight
MPRegen 0.11/turn                (no ring)

@: flying, lightly drained
A: no striking features
a: Renounce Religion, Curse Item, Shatter the Chains


You were on level 9 of the Dungeon.
You worshipped Ashenzari.
Ashenzari was pleased with you.
You visited 2 branches of the dungeon, and saw 10 of its levels.

You collected 384 gold pieces.
You spent 176 gold pieces at shops.

Inventory:

Hand Weapons
 a - a +2 war axe (weapon)
 n - a +4 shortbow
 q - a +0 battleaxe
 r - a +0 sling
 s - a +0 morningstar
Missiles
 v - 5 boomerangs (quivered)
Armour
 c - the cursed +0 buckler of Star-Bound Wisdom (worn) {Elem, Alch}

   It has a curse which improves the following skills: Elements: Fire Magic, Ice
   Magic, Air Magic and Earth Magic.
   Alchemy:   Poison Magic and Transmutations.
 p - the cursed +0 chain mail "Cursed Portent" (worn) {Fort, Comp}
   (You found it on level 1 of the Dungeon)

   It has a curse which improves the following skills: Fortitude: Armour and
   Shields.
   Companions: Summonings and Necromancy.
 u - +0 steam dragon scales
Jewellery
 h - the cursed amulet of the Ensconced Seer (around neck) {Spirit, Evo, Self}
   (You found it on level 1 of the Dungeon)

   [amulet of guardian spirit]

   It causes incoming damage to be divided between your reserves of health and
   magic.
   It has a curse which improves the following skills: Evocations: Evocations.
   Introspection: Fighting and Spellcasting.
 j - a ring of flight (left hand)
Wands
 e - a wand of roots (3)
Scrolls
 b - 3 scrolls of identify {@r1}
 k - 3 scrolls of noise
 o - a scroll of silence
 t - 2 scrolls of fog
 x - a scroll of butterflies
 z - a scroll of immolation
 A - 2 scrolls of fear
Potions
 g - 4 potions of flight
 i - 2 potions of brilliance
 l - 2 potions of cancellation
 m - a potion of mutation


   Skills:
 - Level 11.7(12.9) Fighting
 - Level 12.6 Axes
 + Level 4.3(5.5) Armour
 - Level 3.2(4.3) Shields


You had 8 spell levels left.
You didn't know any spells.
Your spell library contained the following spells:

 Spells                   Type           Power      Damage    Failure   Level
 Foxfire                  Conj/Fire      0%         2x1d4     98%         1
 Freeze                   Ice            0%         1d3       98%         1
 Cigotuvi's Dreadful Rot  Necr/Pois/Air  0%         N/A       99%         2
 Lesser Beckoning         Tloc           0%         N/A       99%         2
 Poisonous Vapours        Pois/Air       0%         N/A       99%         2
 Scorch                   Fire           0%         2d5       99%         2
 Frozen Ramparts          Ice            0%         1d1       100%        3
 Gell's Gravitas          Tloc           0%         N/A       100%        3
 Hailstorm                Conj/Ice       0%         3d3       100%        3
 Ignite Poison            Fire/Tmut/Pois 0%         N/A       100%        3
 Kindle Blastsparks       Fire/Tloc/Air  0%         2d10      100%        3
 Mephitic Cloud           Conj/Pois/Air  0%         N/A       100%        3
 Teleport Other           Tloc           0%         N/A       100%        3
 Vhi's Electric Charge    Tloc/Air       0%         N/A       100%        3
 Dispel Undead            Necr           0%         3d6       100%        4
 Flame Wave               Conj/Fire      0%         2d4       100%        4
 Sticky Flame             Conj/Fire      0%         2d3       100%        4
 Fireball                 Conj/Fire      0%         3d3       100%        5
 Freezing Cloud           Conj/Ice/Air   0%         6-21      100%        5
 Summon Forest            Summ/Tloc      0%         N/A       100%        5
 Death Channel            Necr           0%         N/A       100%        6
 Starburst                Conj/Fire      0%         6d3       100%        6
 Summon Cactus Giant      Summ           0%         N/A       100%        6
 Ignition                 Fire           0%         3d3       100%        8


Dungeon Overview and Level Annotations

Branches:
Dungeon (9/15)             Temple (1/1) D:4
   Lair: D:8-11         Orc: D:9-12

Altars:
Ashenzari
Cheibriados
Dithmenos
Elyvilon
Fedhas
Gozag
Hepliaklqana
Makhleb
Qazlal
Ru
Sif Muna
Trog
Uskayaw
Vehumet
Wu Jian
Xom
Yredelemnul
Zin

Shops:
D:4 ?:

Annotations:
D:6 exclusion: statue
D:7 exclusion: downstairs


Message History

You closely miss the soul eater.
The soul eater is moderately wounded.
You slash the ynoxinul!
You kill the ynoxinul!
The soul eater barely misses you.
Your base Armour skill increases to level 4!
You hit the soul eater but do no damage.
The soul eater is moderately wounded.
The soul eater draws from the surrounding life force!
The soul eater is healed.
You completely miss the soul eater.
The soul eater is moderately wounded.
The soul eater draws from the surrounding life force!
* * * LOW HITPOINT WARNING * * *
The soul eater is healed.
You barely miss the soul eater.
The soul eater is lightly wounded.
You hit the hellwing but do no damage. The hellwing closely misses you.
The hellwing hits you.
* * * LOW HITPOINT WARNING * * *
The soul eater draws from the surrounding life force!
You completely miss the soul eater.
The soul eater is lightly wounded.
You slash the hellwing! The hellwing barely misses you. x2
The soul eater hits you but does no damage.
You hit the soul eater but do no damage.
The soul eater is lightly wounded.
You hit the hellwing but do no damage.
The hellwing hits you but does no damage.
The hellwing hits you.
* * * LOW HITPOINT WARNING * * *
The soul eater draws from the surrounding life force!
* * * LOW HITPOINT WARNING * * *
The soul eater is healed.
You slash the soul eater!
The soul eater is lightly wounded.
You barely miss the hellwing.
The hellwing hits you but does no damage.
The hellwing barely misses you. The soul eater hits you!!
You die...

#...........# , * * _
#........)..#,, , * .
#...........########..
#.....................,
#.####................
* #.# #................
#.# #................
#4# #........(.......
#.# *#.....@4.........
#3# #.....3....#......
#.#
#.................,,
#3###.................
,
#......⌠..............
#....................
#####.....########## *
######


You could see a soul eater and a hellwing.

Vanquished Creatures
  Sigmund (D:4)
  A ynoxinul (D:9)
  4 steam dragons
  Menkaure (D:4)
  2 water moccasins
  3 ice beasts
  3 black bears
  2 ogres (D:6)
  2 centaurs
  Blork the orc (D:5)
  A bullfrog (D:6)
  3 scorpions
  A howler monkey (D:6)
  8 hounds
  2 jellies (D:5)
  3 orc priests
  2 sleepcaps (D:4)
  Jessica (D:3)
  An iguana (D:5)
  An orc wizard (D:5)
  2 hell rats (D:8)
  3 gnolls (D:6)
  A river rat (D:8)
  9 adders
  A shadow imp (D:5)
  2 ufetubi
  3 worms
  3 dart slugs
  21 orcs
  5 bats
  7 endoplasms
  4 giant cockroaches
  12 goblins
  4 hobgoblins
  4 jackals
  2 quokkas
  2 ball pythons
  A frilled lizard (D:1)
  9 kobolds
  8 rats
146 creatures vanquished.

Vanquished Creatures (others)
  4 plants (D:6)
4 creatures vanquished.

Grand Total: 150 creatures vanquished

Notes
Turn   | Place    | Note
-------+----------+-------------------------------------------
     0 | D:1      | dolemite99 the Hill Orc Fighter began the quest for the
                  | Orb.
     0 | D:1      | Reached XP level 1. HP: 19/19 MP: 1/1
    96 | D:1      | Reached skill level 3 in Axes
   166 | D:1      | Reached XP level 2. HP: 26/26 MP: 2/2
   656 | D:1      | Reached skill level 4 in Axes
   888 | D:2      | Reached XP level 3. HP: 25/31 MP: 3/3
  1160 | D:2      | Reached skill level 5 in Axes
  1165 | D:2      | Reached XP level 4. HP: 22/39 MP: 4/4
  1562 | D:2      | Reached skill level 6 in Axes
  2339 | D:3      | Noticed Jessica
  2345 | D:3      | Killed Jessica
  2346 | D:3      | Reached skill level 7 in Axes
  2346 | D:3      | Reached XP level 5. HP: 21/45 MP: 2/5
  2661 | D:3      | Found a burning altar of Makhleb.
  2667 | D:3      | Found a glowing silver altar of Zin.
  2667 | D:3      | Noticed an angel
  2667 | D:3      | Noticed a cacodemon
  2805 | D:3      | You are sucked into a shaft and drop 1 floor!
  2923 | D:4      | Noticed Sigmund
  2936 | D:4      | Killed Sigmund
  2937 | D:4      | Reached skill level 8 in Axes
  2937 | D:4      | Reached XP level 6. HP: 51/51 MP: 3/6
  3139 | D:4      | Reached skill level 9 in Axes
  3192 | D:4      | Noticed a black bear
  3200 | D:4      | Killed a black bear
  3201 | D:4      | Reached XP level 7. HP: 57/57 MP: 7/7
  3393 | D:4      | Reached skill level 10 in Axes
  3992 | D:4      | Noticed Menkaure
  4016 | D:4      | HP: 2/57 [Menkaure (13)]
  4017 | D:4      | Killed Menkaure
  4674 | D:4      | Found Inaank Apsa's Magic Scroll Shoppe.
  4678 | D:4      | Bought a scroll of fear for 44 gold pieces
  4678 | D:4      | Bought a scroll of identify for 22 gold pieces
  4678 | D:4      | Bought a scroll of butterflies for 44 gold pieces
  4678 | D:4      | Bought a scroll of identify for 22 gold pieces
  4678 | D:4      | Bought a scroll of identify for 22 gold pieces
  4678 | D:4      | Bought a scroll of identify for 22 gold pieces
  5066 | D:4      | Found a staircase to the Ecumenical Temple.
  5075 | Temple   | Entered the Ecumenical Temple
  5143 | Temple   | Became a worshipper of Ashenzari the Shackled
  5349 | D:4      | Found Qerghe's Self-Improvement Boutique.
  5359 | D:4      | Reached skill level 11 in Axes
  5501 | D:5      | Entered Level 5 of the Dungeon
  5559 | D:5      | Reached XP level 8. HP: 49/64 MP: 5/8
  5687 | D:5      | Reached skill level 12 in Axes
  6212 | D:5      | Got Sif Muna's Tome of Virulent Direction
  6343 | D:5      | Noticed Blork the orc
  6351 | D:5      | Killed Blork the orc
  6352 | D:5      | Reached skill level 5 in Fighting
  6358 | D:5      | Found a shimmering blue altar of Sif Muna.
  7675 | D:6      | Reached XP level 9. HP: 75/81 MP: 9/9
  8329 | D:6      | Found a radiant altar of Vehumet.
  8749 | D:6      | Reached * piety under Ashenzari
  9089 | D:7      | Reached skill level 10 in Fighting
  9793 | D:7      | Found an opulent altar of Gozag.
  9798 | D:7      | Found an ornate altar of the Wu Jian Council.
  9979 | D:7      | Reached ** piety under Ashenzari
  9997 | D:8      | Noticed a death yak
 10127 | D:8      | Noticed a death yak
 10238 | D:9      | Noticed a sixfirhy
 10333 | D:9      | Noticed a hellwing
 10334 | D:9      | Noticed a soul eater
 10490 | D:9      | HP: 2/90 [soul eater (18)]
 10491 | D:9      | Demolished by a soul eater

Illustrated notes

Levels and vault maps discovered:
D:1:      wheals_arrival_linesprint, layout_loops_ring, serial_rivers,
          chequers_serial_rivers_small_b, chequers_serial_rivers_small_b,
          chequers_serial_rivers_small_a, chequers_serial_rivers_micro_d,
          chequers_serial_rivers_micro_b
D:2:      layout_basic
D:3:      minmay_diamond_boxcup, layout_loops_corners,
          grunt_temple_overflow_order_and_chaos_2, nicolae_underground_beach,
          uniq_jessica
D:4:      minmay_chambers_of_twos, layout_basic, minmay_temple_entry_poolview,
          serial_co_window_serial, co_window_paths_b,
          co_window_of_opportunity_a, co_window_of_opportunity_a,
          co_window_of_opportunity_a, co_window_paths_a, co_window_corner_a,
          co_window_corner_a, co_window_paths_b, co_window_of_opportunity_a,
          co_window_unsneaky_path_b, co_window_corner_b, co_window_2corner,
          co_window_unsneaky_path_d, co_window_paths_d, serial_shops,
          nicolae_shop_trees, nicolae_shop_self_help, uniq_sigmund,
          uniq_menkaure
D:5:      layout_loops_corners, tgw_sif
D:6:      layout_basic, vehumet_statue, serial_bayou_pond_b
D:7:      layout_loops_ring, mainiacjoe_overflow_big_doors, enter_bailey_5
D:8:      layout_basic, mainiacjoe_overflow_concentric_impassable,
          dpeg_lair_monsters
D:9:      layout_stronghold, tso_altar, nicolae_overflow_hidden_temple,
          serial_demonic, serial_demonic_b, serial_demonic_d, serial_demonic_c,
          serial_demonic_b, serial_demonic_c, serial_demonic_g
Temple:   nicolae_temple_hex_pool

Skill      XL: |  1  2  3  4  5  6  7  8  9 |
---------------+----------------------------+-----
Axes           | 3 4 5 7 8 9 11 12 | 12.6
Fighting       | 7 11 | 11.7
Armour         | 4 |  4.3
Shields        | |  3.2

Action                     |  1- 3 |  4- 6 |  7- 9 || total
---------------------------+-------+-------+-------++-------
  Melee: War axe           |    57 |    84 |   269 ||   410
  Throw: Boomerang         |       |    21 |    51 ||    72
 Invoke: Curse Item        |       |       |     3 ||     3
  Evoke: Wand              |       |       |     7 ||     7
    Use: Potion            |     1 |     3 |     8 ||    12
         Scroll            |       |       |    15 ||    15
 Armour: Scale mail        |     6 |       |       ||     6
         Chain mail        |    19 |    46 |   221 ||   286
  Dodge: Dodged            |    21 |    29 |   111 ||   161
  Block: Buckler           |    14 |    18 |    72 ||   104

Table legend: (Time is in decaauts)
 A = Elapsed time spent in this place.
 B = Non-inter-level travel time spent in this place.
 C = Inter-level travel time spent in this place.
 D = Time resting spent in this place.
 E = Time spent auto-exploring this place.
 F = Levels seen in this place.
 G = Mean time per level.
                   A        B        C        D        E       F      G
               +--------+--------+--------+--------+--------+-----+--------+
         Total |  10543 |  10280 |    263 |   3270 |   5445 |  10 | 1054.3 |
       Dungeon |  10461 |  10210 |    251 |   3270 |   5393 |   9 | 1162.3 |
        Temple |     81 |     69 |     12 |      0 |     52 |   1 |   81.0 |
               +--------+--------+--------+--------+--------+-----+--------+

Top non-repeatable levels by time:
     D:4: 2189 daAuts
     D:5: 1898 daAuts
     D:6: 1639 daAuts
     D:2: 1147 daAuts
     D:1: 1088 daAuts
     D:3: 1066 daAuts
     D:7: 982 daAuts
     D:9: 327 daAuts
     D:8: 121 daAuts
  Temple: 81 daAuts
